 Dungeon Crawl Stone Soup version 0.21.1-1-g345015f (webtiles) character file.

610 suicidejoker the Bolt Thrower (level 7, -1/60 HPs)
             Began as a Minotaur Hunter on Mar 18, 2018.
             Was an Initiate of Cheibriados.
             Slain by anacleto's ghost (17 damage)
             ... on level 5 of the Dungeon.
             The game lasted 00:12:23 (3599 turns).

suicidejoker the Bolt Thrower (Minotaur Hunter)     Turns: 3599, Time: 00:12:23

Health: -1/60      AC:  5    Str: 25    XL:     7   Next: 20%
Magic:  6/6        EV: 14    Int:  9    God:    Cheibriados [......]
Gold:   269        SH:  0    Dex: 13    Spells: 6/6 levels left

rFire    + . .     SeeInvis .   b - +0 short sword
rCold    . . .     Gourm    .   (no shield)
rNeg     . . .     Faith    .   H - +2 leather armour {rF+}
rPois    .         Spirit   .   (helmet restricted)
rElec    .         Reflect  .   (no cloak)
rCorr    .         Harm     .   (no gloves)
MR       +....                  (no boots)
Stlth    +.........             C - amulet of rage
HPRegen  0.20/turn              i - ring of protection from magic
MPRegen  0.10/turn              j - +2 ring of strength

@: mighty, very slow
A: retaliatory headbutt, horns 2
a: Bend Time, Renounce Religion, Evoke Berserk Rage


You were on level 5 of the Dungeon.
You worshipped Cheibriados.
Cheibriados was noncommittal.
You were not hungry.

You visited 2 branches of the dungeon, and saw 6 of its levels.

You collected 269 gold pieces.

Inventory:

Hand Weapons
 a - a +1 hand crossbow
 b - a +0 short sword (weapon)
 o - a +0 hunting sling
 E - a +4 dagger
Missiles
 e - 36 bolts
 g - 16 poisoned needles
 m - 52 arrows
 q - 153 stones (quivered)
 s - 90 sling bullets
 v - 9 tomahawks
Armour
 H - a +2 leather armour of fire resistance (worn)
Jewellery
 i - a ring of protection from magic (left hand)
 j - a +2 ring of strength (right hand)
 C - an amulet of rage (around neck)
Wands
 u - a wand of disintegration (5)
Scrolls
 c - 3 scrolls of random uselessness {unknown}
 l - 4 scrolls of identify
 w - 5 scrolls of remove curse
 x - 2 scrolls of amnesia {unknown}
 y - 4 scrolls of noise {unknown}
 z - 2 scrolls of teleportation {unknown}
 G - a scroll of fear
Potions
 h - a potion of invisibility
 k - a potion of might
 n - 3 potions of curing
 p - 2 potions of agility {unknown}
 t - 4 potions of heal wounds {unknown}
 B - a potion of resistance {unknown}
 D - 2 potions of haste
 F - a potion of mutation {unknown}
Books
 r - a book of Cantrips

   Spells                             Type                      Level
   a - Confusing Touch                Hexes                        1
   b - Animate Skeleton               Necromancy                   1
   c - Summon Small Mammal            Summoning                    1
   d - Apportation                    Translocation                1
Comestibles
 f - 3 rations


   Skills:
 + Level 4.8 Fighting
 * Level 7.0 Crossbows
 + Level 3.8 Armour
 + Level 4.2 Dodging
 - Level 0.7 Stealth


You had 6 spell levels left.
You didn't know any spells.

Dungeon Overview and Level Annotations

Branches:
Dungeon (5/15)             Temple (1/1) D:4

Altars:
Ashenzari
Cheibriados
Dithmenos
Elyvilon
Fedhas
Gozag
Hepliaklqana
Kikubaaqudgha
Makhleb
Nemelex Xobeh
Okawaru
Qazlal
Ru
Sif Muna
Trog
Uskayaw
Vehumet
Wu Jian
Xom
Yredelemnul
Zin
The Shining One

Annotations:
D:5 anacleto's ghost, novice MiBe


Innate Abilities, Weirdness & Mutations

You reflexively headbutt those who attack you in melee.
You have a pair of horns on your head.


Message History

Anacleto's ghost barely misses you.
b - a +0 short sword (weapon)
Anacleto's ghost hits you.
You puncture anacleto's ghost! You headbutt anacleto's ghost!
Anacleto's ghost is moderately damaged.
The phantom blinks!
Anacleto's ghost barely misses you. You furiously retaliate!
You headbutt anacleto's ghost! You barely miss anacleto's ghost.
Anacleto's ghost is heavily damaged.
Anacleto's ghost hits you.
You puncture anacleto's ghost!
Anacleto's ghost is severely damaged.
Anacleto's ghost hits you!!
* * * LOW HITPOINT WARNING * * *
The phantom blinks!
The orc hits you with a club.
* * * LOW HITPOINT WARNING * * *
It was a potion of curing.
You feel better. Anacleto's ghost hits you!
* * * LOW HITPOINT WARNING * * *
You feel better. The orc closely misses you. Anacleto's ghost hits you!
You die...

#...# #..... #.(⌠)
#...# #..... #..(.
#...# #..... #.§?.
#...# #...## #....
#...############
#...##...#.........#.
#..W#....#.........#.
#..W#...##.........#.
#.o@...#..........#.
#......#..........#.
####..⌠#....###...##
#####....####'##.
#......'....'.
#.<....#....#.
#......#....#.
#############.
.............


You could see a phantom, anacleto's ghost and an orc.

Vanquished Creatures
  2 ogres
  A howler monkey (D:5)
  A crimson imp (D:5)
  2 bullfrog skeletons (D:5)
  An orc priest (D:3)
  2 orc wizards (D:5)
  Ijyb (D:3)
  10 adders
  An ooze (D:5)
  An adder skeleton (D:5)
  3 dart slugs
  4 leopard geckos
  11 orcs
  A ball python (D:3)
  7 bats
  A giant cockroach (D:1)
  4 goblins
  11 hobgoblins
  4 jackals (D:4)
  5 quokkas
  3 frilled lizards
  10 kobolds
  7 rats
93 creatures vanquished.

Notes
Turn   | Place    | Note
-------+----------+-------------------------------------------
     0 | D:1      | suicidejoker the Minotaur Hunter began the quest for the Orb.
     0 | D:1      | Reached XP level 1. HP: 18/18 MP: 0/0
   273 | D:1      | Reached XP level 2. HP: 25/25 MP: 1/1
   717 | D:2      | Reached skill level 1 in Armour
   727 | D:2      | Reached XP level 3. HP: 26/30 MP: 2/2
   972 | D:2      | Reached skill level 5 in Crossbows
  1540 | D:3      | Reached XP level 4. HP: 38/38 MP: 3/3
  1958 | D:3      | Noticed Ijyb
  1968 | D:3      | Killed Ijyb
  1968 | D:3      | Reached XP level 5. HP: 46/46 MP: 4/4
  2377 | D:4      | Found a shattered altar of Ashenzari.
  2562 | D:4      | Noticed an ogre
  2568 | D:4      | Killed an ogre
  2568 | D:4      | Reached skill level 6 in Crossbows
  2568 | D:4      | Reached XP level 6. HP: 52/52 MP: 5/5
  2760 | D:4      | Found a staircase to the Ecumenical Temple.
  2767 | Temple   | Entered the Ecumenical Temple
  2879 | Temple   | Became a worshipper of Cheibriados the Contemplative
  3102 | D:5      | Entered Level 5 of the Dungeon
  3190 | D:5      | Reached XP level 7. HP: 42/60 MP: 6/6
  3548 | D:5      | Reached skill level 7 in Crossbows
  3591 | D:5      | Noticed anacleto's ghost (novice MiBe)
  3599 | D:5      | Slain by anacleto's ghost

Skill      XL: |  1  2  3  4  5  6  7 |
---------------+----------------------+-----
Armour         | 1 2 3 |  3.8
Fighting       | 3 4 |  4.8
Crossbows      | 5 6 7 |  7.0
Dodging        | 3 4 |  4.2
Stealth        | |  0.7

Action                   |  1- 3 |  4- 6 |  7- 9 || total
-------------------------+-------+-------+-------++-------
Melee: Short sword       |     8 |    43 |     7 ||    58
       Headbutt          |     1 |     9 |     2 ||    12
 Fire: Hand crossbow     |    81 |   101 |    20 ||   202
Throw: Stone             |       |    33 |    12 ||    45
 Abil: Evoke Berserk Rag |       |     1 |       ||     1
  Use: Scroll            |       |     4 |       ||     4
       Potion            |       |       |     4 ||     4
  Eat: Chunk             |     1 |     7 |     1 ||     9
Armor: Chain mail        |    21 |       |       ||    21
       Scale mail        |       |    33 |       ||    33
       Leather armour    |       |     2 |     2 ||     4
Dodge: Dodged            |    14 |    67 |    13 ||    94
